 Dungeon Crawl Stone Soup version 0.29.1-15-g9cfb28693d (webtiles) character file.

Game seed: 16766707207391727939

366 Curundu the Trooper (level 6, -2/56 HPs)
             Began as a Minotaur Berserker on Jan 1, 2024.
             Was a Believer of Trog.
             Slain by a gnoll
             ... wielding a +0 flail
             ... led by a gnoll bouda
              (7 damage)
             ... on level 5 of the Dungeon.
             The game lasted 00:09:08 (3504 turns).

Curundu the Trooper (Minotaur Berserker)            Turns: 3504, Time: 00:09:09

Health: -2/56      AC:  3    Str: 24    XL:     6   Next: 40%
Magic:  5/5        EV:  6    Int:  4    God:    Trog [**....]
Gold:   185        SH:  0    Dex:  9    Spells: 5/5 levels left

rFire   . . .      SeeInvis .   n - +2 quarterstaff (chaos)
rCold   . . .      Faith    .   (shield currently unavailable)
rNeg    . . .      Spirit   .   b - +0 animal skin
rPois   .          Reflect  .   (helmet restricted)
rElec   .          Harm     .   o - +0 cloak
rCorr   .          Rampage  .   (no gloves)
Will    .....                   (no boots)
Stlth   +.........              (no amulet)
HPRegen 0.18/turn               (no ring)
MPRegen 0.09/turn               (no ring)

@: weakened, held
A: horns 2, retaliatory headbutt
a: Renounce Religion, Berserk, Trog's Hand


You were on level 5 of the Dungeon.
You worshipped Trog.
Trog was pleased with you.
You visited 1 branch of the dungeon, and saw 5 of its levels.

You collected 185 gold pieces.

Inventory:

Hand Weapons
 a - a +0 falchion
 n - a +2 quarterstaff of chaos (weapon)
Missiles
 q - 4 boomerangs
Armour
 b - a +0 animal skin (worn)
 o - a +0 cloak (worn)
Jewellery
 p - a +6 ring of dexterity
Scrolls
 c - 6 scrolls of identify {unknown}
 d - 2 scrolls of vulnerability {unknown}
 f - 2 scrolls of immolation {unknown}
 g - 2 scrolls of teleportation {unknown}
 i - 2 scrolls of fear {unknown}
Potions
 e - 3 potions of curing {unknown}
 h - a potion of heal wounds {unknown}
 j - a potion of flight {unknown}
 k - a potion of invisibility {unknown}
 l - 3 potions of degeneration {unknown}
 m - a potion of might {unknown}
 r - a potion of berserk rage {unknown}
 s - a potion of mutation {unknown}
 t - 3 potions of lignification {unknown}


   Skills:
 + Level 5.2 Fighting
 + Level 5.1 Long Blades
 + Level 3.4 Staves
 + Level 2.7 Armour
 + Level 4.1 Dodging
 + Level 1.2 Stealth


You had 5 spell levels left.
You didn't know any spells.
Your spell library was empty.

Dungeon Overview and Level Annotations

Branches:
Dungeon (5/15)
 Temple: D:4-7

Altars:
Ashenzari
Cheibriados
Gozag
Kikubaaqudgha
Nemelex Xobeh
Okawaru
Uskayaw
Yredelemnul

Shops:
D:5 [


Innate Abilities, Weirdness & Mutations

You have a pair of horns on your head.
You reflexively headbutt those who attack you in melee.


Message History

The gnoll moves out of view.
A gnoll comes into view. It is wielding a +0 flail.
Found a stone staircase leading up.
The gnoll shouts!
A gnoll comes into view. It is wielding a +0 whip.
There is an entrance to Estremm's Antique Armour Shop here.
The gnoll bouda barks out a call to the hunt!
The gnolls pick up the pace!
You hear a shout!
The gnoll shouts!
The gnoll misses you.
The orc shouts!
The gnoll hits you from afar with a +1 halberd of freezing!
The gnoll freezes you.
The gnoll shouts!
The gnoll throws a throwing net.
The throwing net misses you. The gnoll hits you with a +0 club!
You hit the gnoll. You burn the gnoll.
The gnoll is severely wounded.
The gnoll barely misses you. The gnoll hits you with a +0 club.
You thump the gnoll! Lightning courses through the gnoll!
You kill the gnoll!
Trog accepts your kill.
The gnoll throws a throwing net.
The throwing net hits you.
You become entangled in the net!
You struggle against the net.
The gnoll hits you with a +0 flail.
You struggle against the net.
The gnoll bouda gazes fiercely through you!
You feel your attacks grow feeble.
The gnoll bouda hits you with a +0 whip!
The gnoll hits you with a +0 flail!
You struggle against the net.
The gnoll bouda hits you with a +0 whip.
* * * LOW HITPOINT WARNING * * *
The gnoll barely misses you. x2
You struggle against the net.
The gnoll barely misses you.
The gnoll bouda hits you with a +0 whip!
* * * LOW HITPOINT WARNING * * *
The gnoll hits you with a +0 flail!
You die...

# ..)##.. #.......# #.
#....####.......#
#..#.......#.......#
....#...#.........#
#..#.#..##......#
#..g∩g..# ###..####
......#.#..# #...(...#
.....#...#.###.<.....#
...........#g@.......#
...........gg#g.........
..........#...##.####.##
.........P.....#.# .#
≈~~~~~~~~~....### #
≈≈~≈≈~≈≈~....#
≈#####≈≈....# go
#≈~....# #g #~~....#


You could see a gnoll bouda and 3 gnolls.

Vanquished Creatures
  Pargi (D:4)
  A phantom (D:3)
  An orc priest (D:4)
  A hound (D:4)
  Crazy Yiuf (D:2)
  A gnoll (D:5)
  3 adders
  2 dart slugs (D:1)
  4 orcs
  5 bats
  3 endoplasms
  3 giant cockroaches
  8 goblins
  9 hobgoblins
  4 jackals
  A quokka (D:3)
  8 ball pythons
  5 frilled lizards
  6 kobolds
  2 rats (D:1)
69 creatures vanquished.

Notes
Turn   | Place    | Note
-------+----------+-------------------------------------------
     0 | D:1      | Curundu the Minotaur Berserker began the quest for the Orb.
     0 | D:1      | Reached XP level 1. HP: 19/19 MP: 0/0
   186 | D:1      | Reached XP level 2. HP: 17/27 MP: 1/1
   885 | D:1      | Reached XP level 3. HP: 34/34 MP: 2/2
  1107 | D:2      | Found a faded altar of an unknown god.
  1620 | D:2      | Found a runed translucent door.
  1621 | D:2      | Noticed Crazy Yiuf
  1629 | D:2      | Killed Crazy Yiuf
  1629 | D:2      | Reached ** piety under Trog
  1630 | D:2      | Reached XP level 4. HP: 24/41 MP: 3/3
  1821 | D:3      | Noticed a phantom
  1831 | D:3      | Killed a phantom
  1832 | D:3      | Reached skill level 1 in Staves
  1832 | D:3      | Reached XP level 5. HP: 27/47 MP: 4/4
  2009 | D:3      | Reached skill level 5 in Long Blades
  2122 | D:3      | Found a sparkling altar of Nemelex Xobeh.
  2200 | D:3      | Reached skill level 5 in Fighting
  2761 | D:3      | Found a broken altar of Ashenzari.
  2762 | D:3      | Found a basalt altar of Yredelemnul.
  2762 | D:3      | Found an ancient bone altar of Kikubaaqudgha.
  2762 | D:3      | Found an opulent altar of Gozag.
  2763 | D:3      | Found a snail-covered altar of Cheibriados.
  2766 | D:3      | Found an iron altar of Okawaru.
  2767 | D:3      | Found a hide-covered altar of Uskayaw.
  2845 | D:4      | Noticed Pargi
  2850 | D:4      | Killed Pargi
  2851 | D:4      | Reached skill level 1 in Stealth
  2851 | D:4      | Reached XP level 6. HP: 50/56 MP: 5/5
  3470 | D:5      | Entered Level 5 of the Dungeon
  3480 | D:5      | Found Estremm's Antique Armour Shop.
  3504 | D:5      | Slain by a gnoll

Illustrated notes

Levels and vault maps discovered:
D:1:      psy_arrival_heroes, layout_loops_ring
D:2:      layout_rooms, shapermc_ecumenical_altar_mp_urbaneastern,
          kennysheep_flooded_box, uniq_crazy_yiuf_cottage
D:3:      layout_basic, minitemple
D:4:      layout_rooms, uniq_pargi
D:5:      lemuel_castle_with_subvaults [lemuel_castle_interior_carwin_3],
          layout_rooms, minmay_temple_entry_mini_moons, serial_shops,
          nicolae_shop_advertising_works [nicolae_subvault_shop_adworks],
          kennysheep_generic_room_8

Skill      XL: |  1  2  3  4  5  6 |
---------------+-------------------+-----
Fighting       | 4 5 |  5.2
Long Blades    | 4 5 |  5.1
Dodging        | 3 4 |  4.1
Staves         | 1 2 3 |  3.4
Stealth        | 1 |  1.2
Armour         | |  2.7

Action                   |  1- 3 |  4- 6 || total
-------------------------+-------+-------++-------
Melee: Falchion          |    72 |       ||    72
       Headbutt          |    13 |     3 ||    16
       Punch             |     1 |       ||     1
       Quarterstaff      |       |    58 ||    58
Invok: Trog's Hand       |       |     1 ||     1
 Stab: Sleeping          |       |     1 ||     1
Armor: Animal skin       |    15 |    13 ||    28
Dodge: Dodged            |    65 |    49 ||   114
